 Dungeon Crawl Stone Soup version 0.18.1-8-gdd0e5ea (webtiles) character file.

40 Hipnos the Chiller (level 3, 0/21 HPs)
             Began as an Octopode Ice Elementalist on May 30, 2016.
             Succumbed to an adder's poison
             ... on level 2 of the Dungeon.
             The game lasted 00:05:33 (954 turns).

Hipnos the Chiller (Octopode Ice Elementalist)       Turns: 954, Time: 00:05:33

Health: 0/21       AC:  1    Str:  7    XL:     3   Next: 50%
Magic:  3/6        EV: 12    Int: 18    God:
Gold:   26         SH:  0    Dex: 12    Spells: 1 memorised, 5 levels left

rFire  . . .     SeeInvis .     (no weapon)
rCold  . . .     Gourm    .     (no shield)
rNeg   . . .     Faith    .     (helmet restricted)
rPois  .         Spirit   .     (no amulet)
rElec  .         Dismiss  .     (no ring)
rCorr  .         Reflect  .     (no ring)
SustAt .         Harm     .     (no ring)
MR     .....                    (no ring)
Stlth  +++.......               (no ring)
                                (no ring)
                                (no ring)
                                (no ring)

@: lethally poisoned (0 -> -7), about to teleport, very slightly contaminated,
not resistant to hostile enchantments, fairly stealthy
A: almost no armour, amphibious, 8 rings, constrict 8, camouflage 1, gelatinous
body 1
a: no special abilities


You were on level 2 of the Dungeon.
You were not hungry.

You visited 1 branch of the dungeon, and saw 2 of its levels.

You collected 26 gold pieces.

Inventory:

Scrolls
 k - a scroll of amnesia
Books
 a - a book of Frost

   Spells                             Type                      Level
   a - Freeze                         Ice                          1
   b - Throw Frost                    Conjuration/Ice              2
   c - Ozocubu's Armour               Charms/Ice                   3
   d - Throw Icicle                   Conjuration/Ice              4
   e - Summon Ice Beast               Ice/Summoning                4
Comestibles
 b - a bread ration
 d - 2 meat rations
 f - a chunk of flesh
 i - a beef jerky


   Skills:
 + Level 2.3 Dodging
 + Level 3.4 Stealth
 + Level 0.2 Unarmed Combat
 + Level 2.2 Spellcasting
   Level 1.0 Conjurations
 + Level 3.6 Ice Magic


You had 5 spell levels left.
You knew the following spells:

 Your Spells              Type           Power        Failure   Level  Hunger
a - Freeze                Ice            ###.         4%          1    #......


Dungeon Overview and Level Annotations

Branches:
Dungeon (2/15)

Altars:


Innate Abilities, Weirdness & Mutations

You cannot wear most types of armour.
You are amphibious.
You can wear up to eight rings at the same time.
You can use your tentacles to constrict eight enemies at once.
Your skin changes colour to match your surroundings (Stealth).
Your rubbery body absorbs attacks (AC +1).


Message History

* * * LOW HITPOINT WARNING * * *
You feel sick.
* * * LOW HITPOINT WARNING * * *
You feel sick.
Read which item? (? for menu, Esc to quit)
Blink to where?
Press: ? - help, Dir - move target cursor
As you read the scroll labeled YLELLILLYG, it crumbles to dust.
It was a scroll of blinking.
Read which item? (? for menu, Esc to quit)
As you read the scroll labeled BALLAB DUFFUI, it crumbles to dust.
It is a scroll of identify.
Identify which item? (\ to view known items) (? for menu, Esc to quit)
k - a scroll of amnesia
* * * LOW HITPOINT WARNING * * *
You feel sick.
Read which item? (? for menu, Esc to quit)
As you read the scroll labeled DISA QAURUI, it crumbles to dust.
You feel strangely unstable.
It was a scroll of teleportation.
You die...

# ### # #.
#%. .#
#.##.##.#
#.#.#..#
#...# ##.##
###.##.#
#<@....#
#......#
........#
..##......#
...
.........
..
#####......
. .##### ##


There were no monsters in sight!

Vanquished Creatures
  An adder (D:2)
  A gnoll (D:1)
  A giant gecko (D:1)
  2 giant cockroaches (D:1)
  4 goblins (D:1)
  A hobgoblin (D:1)
  3 kobolds (D:1)
  A bat (D:1)
  A giant newt (D:1)
  5 rats (D:1)
20 creatures vanquished.

Notes
Turn   | Place    | Note
--------------------------------------------------------------
     0 | D:1      | Hipnos the Octopode Ice Elementalist began the quest for the Orb.
     0 | D:1      | Reached XP level 1. HP: 11/11 MP: 3/3
   151 | D:1      | Reached XP level 2. HP: 8/17 MP: 5/5
   753 | D:1      | Reached XP level 3. HP: 14/21 MP: 1/6
   952 | D:2      | HP: 1/21 [poisoned by an adder]
   954 | D:2      | Succumbed to an adder's poison

Skill      XL: |  1  2 |
---------------+-------+-----
Stealth        | 3 |  3.4
Dodging        | |  2.3
Unarmed Combat | |  0.2
Spellcasting   | |  2.2
Conjurations   | |  1.0
Ice Magic      | |  3.6

Action                   || total
-------------------------++-------
Melee: Unarmed           ||    60
       Constrict         ||    16
       Tentacles         ||     6
 Cast: Freeze            ||     8
  Use: Scroll            ||     5
 Stab: Sleeping          ||     6
Armor: Skin              ||     5
Dodge: Dodged            ||    45
